 Dungeon Crawl Stone Soup version 0.17.1-3-g152610e (webtiles) character file.

241 moxian the Charmwright (level 5, -1/35 HPs)
             Began as a High Elf Skald on Apr 17, 2016.
             Slain by Pikel
             ... wielding a +2 whip of electrocution
              (11 damage)
             ... on level 4 of the Dungeon.
             The game lasted 00:19:03 (3085 turns).

moxian the Charmwright (High Elf Skald)             Turns: 3085, Time: 00:19:05

Health: -1/35      AC:  5    Str: 12    XL:     5   Next: 80%
Magic:  7/10       EV: 12    Int: 15    God:
Gold:   178        SH:  0    Dex: 15    Spells: 3 memorised, 4 levels left

rFire  . . .     SeeInvis .     o - +1 short sword (venom)
rCold  . . .     Clarity  .     b - +0 leather armour
rNeg   . . .     SustAt   .     (no shield)
rPois  .         Gourm    .     z - +0 helmet
rElec  .         Spirit   .     (no cloak)
rCorr  .         Warding  .     m - +0 pair of gloves
rMut   .         Stasis   .     (no boots)
MR     .....                    (no amulet)
Stlth  +.........               (no ring)
                                (no ring)

@: infused, not resistant to hostile enchantments, very unstealthy
A: no striking features
a: no special abilities


You were on level 4 of the Dungeon.
You were hungry.

You visited 1 branch of the dungeon, and saw 4 of its levels.

You collected 178 gold pieces.

Inventory:

Hand Weapons
 a - a +0 falchion
 l - a cursed -3 dagger
 o - a +1 short sword of venom (weapon)
 p - a +0 rapier
 q - a +0 club
 r - a +0 hunting sling
 x - a +2 dagger of protection
 K - a +1 falchion of slicing
 L - a +0 falchion of slicing
Missiles
 g - 124 stones (quivered)
 J - 10 poisoned needles
 N - 4 tomahawks
Armour
 b - a +0 leather armour (worn)
 e - a +0 helmet
 m - a +0 pair of gloves (worn)
 z - a +0 helmet (worn)
 H - a +0 scale mail
Jewellery
 P - an uncursed ring of teleportation
Wands
 y - a wand of digging (12)
 G - a wand of heal wounds (2)
Scrolls
 h - a scroll of amnesia
 n - a scroll of recharging
 u - 2 scrolls of remove curse
 w - a scroll of blinking
 B - a scroll of noise
 F - 2 scrolls of magic mapping
 I - a scroll of teleportation {unknown}
Potions
 j - a potion of might
 k - 3 potions of lignification {unknown}
 t - a potion of agility
 v - 2 potions of brilliance {unknown}
 A - 4 potions of curing {unknown}
 E - a potion of heal wounds {unknown}
 M - a potion of berserk rage {unknown}
Books
 c - a book of Battle

   Spells                             Type                      Level
   a - Infusion                       Charms                       1
   b - Shroud of Golubria             Charms/Translocation         2
   c - Song of Slaying                Charms                       2
   d - Spectral Weapon                Hexes/Charms                 3
   e - Regeneration                   Charms/Necromancy            3
Comestibles
 d - 3 bread rations
 f - a meat ration
 i - 3 chunks of flesh
 C - a fruit
 D - a beef jerky
 O - a slice of pizza


   Skills:
 + Level 2.5 Fighting
 + Level 1.7(2.7) Short Blades
 + Level 3.2(3.5) Long Blades
 + Level 2.0 Armour
 + Level 2.3 Dodging
 + Level 0.8 Stealth
 + Level 3.2 Spellcasting
 + Level 1.2 Hexes
 * Level 4.6 Charms
 + Level 1.2 Translocations


You had 4 spell levels left.
You knew the following spells:

 Your Spells              Type           Power        Failure   Level  Hunger
a - Infusion              Chrm           ###...       4%          1    #......
b - Shroud of Golubria    Chrm/Tloc      ##........   14%         2    ##.....
c - Spectral Weapon       Hex/Chrm       ##......     24%         3    ###....


Dungeon Overview and Level Annotations

Branches:
Dungeon (4/15)             Temple (0/1) D:4

Altars:
Ashenzari
Elyvilon
Makhleb
Yredelemnul

Portals:
Sewer: D:4

Annotations:
D:4 Pikel


Message History

The giant gecko barely misses you. The giant gecko closely misses you.
The giant cockroach bites you but does no damage.
You completely miss Pikel.
Pikel is heavily wounded.
The giant gecko bites you. Pikel barely misses you.
The giant cockroach barely misses you. The giant gecko closely misses you.
You miss Pikel.
Pikel is severely wounded.
The giant gecko bites you. Pikel barely misses you.
The giant cockroach barely misses you.
The giant gecko splashes around in the water.
The giant gecko bites you but does no damage.
You hit Pikel but do no damage.
Pikel is severely wounded.
You are feeling hungry.
Pikel hits you with a whip of electrocution.
* * * LOW HITPOINT WARNING * * *
Your shroud falls apart!
You are electrocuted!
You die...

,,,##......# ###.........,,,
,,8##......# ###...........,,,
8***#......######.....).......,,*
##**#.......#......###........,,*
..,.............#### #........,,*
..,.....##....### #...#....,,*
..,(####*#.###########...#*##.,,,
..,,* **#..≈≈≈≈lsp≈≈†..## **,,,,
..,,****,...≈≈≈≈@lp≈≈...# **,,,,*
O.,***,,....≈≈≈≈≈Kpp≈...#**,,,***
..,,,,,....###########..#*,,,** *
##,,,,......,,,,,,,,,#..#,,,** *
**,,.......,,*,,,,,,?.p..,** *
*,,........,,*****,,....p.* *
*,,,,,,,,,,,,,* ***,....#* *
**,,,,,,,,,,,,,** ***,,** *
*,,,,******,,,,,* *,** *


You could see Pikel, 4 slaves, 2 giant geckos and a giant cockroach.

Vanquished Creatures
  An orc priest (D:3)
  Terence (D:2)
  Robin (D:2)
  8 adders
  An ooze (D:2)
  2 worms (D:2)
  6 orcs (D:3)
  5 giant cockroaches
  12 goblins (D:2)
  16 hobgoblins
  2 quokkas
  A ball python (D:1)
  10 bats
  3 giant geckos
  6 giant newts
  4 jackals (D:3)
  9 kobolds
  8 rats
96 creatures vanquished.

Notes
Turn   | Place    | Note
--------------------------------------------------------------
     0 | D:1      | moxian the High Elf Skald began the quest for the Orb.
     0 | D:1      | Reached XP level 1. HP: 14/14 MP: 4/4
   199 | D:1      | Reached XP level 2. HP: 6/19 MP: 6/6
   203 | D:1      | Learned a level 2 spell: Shroud of Golubria
   349 | D:1      | Reached skill level 4 in Charms
   707 | D:2      | Found a faded altar to an unknown god.
   793 | D:2      | Reached skill level 1 in Armour
   829 | D:2      | Reached XP level 3. HP: 18/24 MP: 4/7
   994 | D:2      | Noticed Robin
   998 | D:2      | Killed Robin
  1008 | D:2      | Reached XP level 4. HP: 22/29 MP: 0/9
  1351 | D:2      | Learned a level 3 spell: Spectral Weapon
  1400 | D:2      | Reached skill level 1 in Short Blades
  1501 | D:2      | Noticed Terence
  1510 | D:2      | Killed Terence
  1510 | D:2      | Reached skill level 1 in Translocations
  1510 | D:2      | Reached XP level 5. HP: 35/35 MP: 6/10
  1812 | D:3      | Reached skill level 1 in Hexes
  2834 | D:3      | Found a basalt altar of Yredelemnul.
  2835 | D:3      | Found a white marble altar of Elyvilon.
  2835 | D:3      | Found a shattered altar of Ashenzari.
  2848 | D:3      | Found a burning altar of Makhleb.
  2981 | D:4      | Noticed an ogre
  3047 | D:4      | Found a glowing drain.
  3062 | D:4      | Noticed a slave
  3063 | D:4      | Noticed a slave
  3066 | D:4      | Noticed Pikel
  3066 | D:4      | Noticed a slave
  3068 | D:4      | Noticed a slave
  3085 | D:4      | Slain by Pikel

Action                   |  1- 3 |  4- 6 || total
-------------------------+-------+-------++-------
Melee: Falchion          |    73 |       ||    73
       Short sword       |    49 |   166 ||   215
Throw: Stone             |       |     4 ||     4
 Cast: Infusion          |     3 |     2 ||     5
       Shroud of Golubri |     6 |    10 ||    16
  Use: Scroll            |       |     7 ||     7
 Stab: Sleeping          |       |     1 ||     1
  Eat: Chunk             |     1 |     7 ||     8
